cohdb
Replays
Latest Replays
All Replays
Popular Replays
Top Player Replays
Match Explorer
How It Works
Community
CoH3 Stats
Reddit
Sign in to upload your games and track your stats! →
Sign in with Steam
Match 41450980
Unlisted
Match 41450980
Overview
Messages
Build Orders
End
Kettenkrad Recon Vehicle
Construct Infanterie Kompanie
Grenadier Squad
Grenadier Squad
Grenadier Squad
Construct Luftwaffe Kompanie
221 Scout Car
Infanterie Officer Quarters
Flak 30 Anti-aircraft Gun Team
Jäger Squad
GrW 34 Mortar Team
Support Elements
Wirbelwind Flakpanzer
Jäger Squad
Medical Bunker
Construct Panzer Kompanie
Stoßtruppen Squad
Selects Luftwaffe Battlegroup
Selects Reconnaissance Run
Selects Fallschirmjäger Squad Paradrop
Selects Stuka Loiter
Stuka Loiter
Fallschirmjäger Squad Paradrop
Selects Luftwaffe Pioneer Support
Selects Flak 38 Anti-Air Emplacement
Panzer IV Medium Tank
Selects Flak 36 Anti-tank Gun Emplacement
Stuka Loiter
Panzer IV Medium Tank
Pioneer Squad
Stuka Loiter
Repair Bunker
Stuka Loiter
Panzer IV Medium Tank
Grand.G
MxCarnage!!
0
0
Comments
sign in to comment!
No comments posted yet!